 Dungeon Crawl Stone Soup version 0.19.0 (webtiles) character file.

1701 Danakh the Chopper (level 8, -4/63 HPs)
             Began as a Demonspawn Fighter on Nov 5, 2016.
             Was an Initiate of Makhleb.
             Slain by a hog (6 damage)
             ... on level 7 of the Dungeon.
             The game lasted 00:12:18 (5184 turns).

Danakh the Chopper (Demonspawn Fighter)             Turns: 5184, Time: 00:12:18

Health: -4/63      AC: 16    Str: 20    XL:     8   Next: 73%
Magic:  8/8        EV:  3    Int:  9    God:    Makhleb [......]
Gold:   288        SH: 16    Dex: 18    Spells: 0 memorised, 7 levels left

rFire  . . .     SeeInvis .     a - +0 war axe
rCold  . . .     Gourm    .     t - +1 chain mail of Fedhas {rN+ Dex+6}
rNeg   + . .     Faith    .     k - +1 large shield
rPois  .         Spirit   .     (helmet unavailable)
rElec  .         Reflect  .     (no cloak)
rCorr  .         Harm     .     g - +0 pair of gloves
MR     .....                    x - +0 pair of boots
Stlth  ..........               (no amulet)
                                (no ring)
                                (no ring)

@: no status effects
A: horns 3, yellow scales 2, powered by death 1
a: Renounce Religion


You were on level 7 of the Dungeon.
You worshipped Makhleb.
Makhleb was noncommittal.
You were very hungry.

You visited 2 branches of the dungeon, and saw 8 of its levels.

You collected 288 gold pieces.

Inventory:

Hand Weapons
 a - a +0 war axe (weapon)
Armour
 b - a +0 scale mail
 c - a +0 shield
 g - a +0 pair of gloves (worn)
 k - a +1 large shield (worn)
 o - a +0 scale mail of fire resistance
 r - a +0 plate armour
 t - the +1 chain mail of Fedhas (worn) {rN+ Dex+6}
   (You found it on level 4 of the Dungeon)

   It affects your dexterity (+6).
   It protects you from negative energy.
 x - a +0 pair of boots (worn)
Scrolls
 e - 3 scrolls of recharging {unknown}
 p - a scroll of remove curse
 w - a scroll of magic mapping
 y - a scroll of fog {unknown}
 z - a scroll of enchant weapon {unknown}
 A - a scroll of random uselessness {unknown}
 C - a scroll of vulnerability {unknown}
 D - a scroll of immolation {unknown}
 E - a scroll of amnesia
 F - a scroll of fear {unknown}
Potions
 d - a potion of might
 h - a potion of mutation
 i - 2 potions of brilliance {unknown}
 j - 2 potions of haste {unknown}
 l - a potion of ambrosia
 m - 4 potions of curing
 u - a potion of lignification {unknown}
 v - a potion of heal wounds {unknown}
 G - a potion of berserk rage {unknown}
Books
 s - a book of Minor Magic

   Spells                             Type                      Level
   a - Magic Dart                     Conjuration                  1
   b - Blink                          Translocation                2
   c - Call Imp                       Summoning                    2
   d - Repel Missiles                 Charms/Air                   2
   e - Slow                           Hexes                        2
   f - Conjure Flame                  Conjuration/Fire             3
   g - Mephitic Cloud                 Conjuration/Poison/Air       3
Comestibles
 f - 6 bread rations
 n - 3 fruits
 q - 4 beef jerkies
 B - a slice of pizza


   Skills:
 + Level 5.5 Fighting
 * Level 6.8 Axes
 + Level 5.1 Armour
 + Level 5.4 Shields


You had 7 spell levels left.
You didn't know any spells.

Dungeon Overview and Level Annotations

Branches:
Dungeon (7/15)             Temple (1/1) D:7

Altars:
Ashenzari
Cheibriados
Dithmenos
Elyvilon
Fedhas
Gozag
Hepliaklqana
Kikubaaqudgha
Makhleb
Nemelex Xobeh
Okawaru
Qazlal
Ru
Sif Muna
Trog
Uskayaw
Vehumet
Xom
Yredelemnul
Zin
The Shining One

Shops:
D:4 *


Innate Abilities, Weirdness & Mutations

You have a pair of large horns on your head.
You are mostly covered in yellow scales. (AC +3)
You regenerate a little health from kills.


Message History

You block the hog's attack. The hog bites you.
* * * LOW HITPOINT WARNING * * *
You closely miss the hog. Your headbutt misses the hog.
The hog is lightly wounded.
The hog bites you but does no damage.
You closely miss the hog.
The hog is lightly wounded.
You slash the hog!
You kill the hog!
The hog bites you but does no damage. You block the hog's attack. x2
You closely miss the hog.
The hog is severely wounded.
You barely miss the hog. You block the hog's attack. x2
You barely miss the hog.
The hog is severely wounded.
Your shield and chain mail of Fedhas prevent you from hitting the hog.
The hog bites you but does no damage. You block the hog's attack.
The hog bites you.
You die...

#%%.).'..........
#%...†#..........
###'###..........
#.....#..........
#.....###...#####
##########...##...
..................
.......hh.........
.......@†.........
.................[
......
..................
.##...#
###+####.##...##...
.##...###...####.##...#
###
..............#......>#
..............#.......+
..............#.......#
..............'.......#


You could see 2 hogs.

Vanquished Creatures
  2 hogs (D:7)
  A human (D:7)
  Menkaure (D:6)
  Duvessa (D:6)
  An ice beast (D:6)
  2 centaurs
  A big kobold (D:6)
  2 bullfrogs (D:6)
  Dowan (D:6)
  2 scorpions (D:6)
  3 crimson imps
  A hound (D:6)
  A jelly (D:6)
  4 worker ants
  9 adders
  A shadow imp (D:5)
  An adder skeleton (D:5)
  An adder zombie (D:5)
  2 worms
  3 dart slugs
  A leopard gecko (D:3)
  6 orcs
  4 giant cockroaches
  10 goblins
  6 hobgoblins
  16 jackals
  2 quokkas
  2 ball pythons
  9 bats
  7 frilled lizards
  11 kobolds
  8 rats
122 creatures vanquished.

Vanquished Creatures (others)
  A plant (D:3)
1 creature vanquished.

Grand Total: 123 creatures vanquished

Notes
Turn   | Place    | Note
-------+----------+-------------------------------------------
     0 | D:1      | Danakh the Demonspawn Fighter began the quest for the Orb.
     0 | D:1      | Reached XP level 1. HP: 18/18 MP: 1/1
    28 | D:1      | Reached skill level 2 in Axes
    85 | D:1      | Gained mutation: You are partially covered in yellow scales. (AC +2) [demonic ancestry]
    85 | D:1      | Reached XP level 2. HP: 9/24 MP: 2/2
   566 | D:1      | You fall through a shaft!
   937 | D:1      | Gained mutation: You have a pair of small horns on your head. [demonic ancestry]
   937 | D:1      | Reached XP level 3. HP: 29/29 MP: 3/3
  1563 | D:2      | Gained mutation: You regenerate a little health from kills. [demonic ancestry]
  1563 | D:2      | Reached XP level 4. HP: 35/35 MP: 4/4
  1887 | D:3      | Noticed a centaur
  1895 | D:3      | Killed a centaur
  1895 | D:3      | Reached skill level 3 in Axes
  1895 | D:3      | Gained mutation: You have a pair of horns on your head. [demonic ancestry]
  1895 | D:3      | Reached XP level 5. HP: 34/41 MP: 5/5
  2145 | D:3      | Found a shattered altar of Ashenzari.
  2149 | D:3      | Saw a vision of the Swamp and the Spider Nest.
  2149 | D:3      | Noticed an alligator
  2149 | D:3      | Noticed a redback
  2149 | D:3      | Noticed an alligator
  2149 | D:3      | Noticed a wolf spider
  2149 | D:3      | Noticed an alligator
  2149 | D:3      | Noticed a swamp drake
  2151 | D:3      | Noticed a redback
  2453 | D:4      | Found Suutozym's General Store.
  2517 | D:4      | Got an ancient chain mail
  2528 | D:4      | Identified the +1 chain mail of Fedhas {rN+ Dex+6} (You found it on level 4 of the Dungeon)
  3014 | D:5      | Entered Level 5 of the Dungeon
  3262 | D:5      | Gained mutation: You have a pair of large horns on your head. [demonic ancestry]
  3262 | D:5      | Reached XP level 6. HP: 48/48 MP: 6/6
  3679 | D:5      | Reached skill level 4 in Axes
  4055 | D:6      | Noticed an ice beast
  4076 | D:6      | Killed an ice beast
  4076 | D:6      | Gained mutation: You are mostly covered in yellow scales. (AC +3) [demonic ancestry]
  4076 | D:6      | Reached XP level 7. HP: 32/54 MP: 7/7
  4229 | D:6      | Reached skill level 5 in Axes
  4248 | D:6      | Noticed Menkaure
  4255 | D:6      | Killed Menkaure
  4525 | D:6      | Reached XP level 8. HP: 61/61 MP: 8/8
  4569 | D:6      | Noticed Duvessa
  4569 | D:6      | Noticed Dowan
  4578 | D:6      | Killed Duvessa
  4578 | D:6      | Reached skill level 5 in Fighting
  4578 | D:6      | Reached skill level 5 in Shields
  4589 | D:6      | Killed Dowan
  4589 | D:6      | Reached skill level 6 in Axes
  4883 | D:7      | Found a staircase to the Ecumenical Temple.
  4900 | Temple   | Entered the Ecumenical Temple
  5107 | Temple   | Became a worshipper of Makhleb the Destroyer
  5167 | D:7      | Reached skill level 5 in Armour
  5179 | D:7      | HP: 1/63 [hog (4)]
  5184 | D:7      | Slain by a hog

Skill      XL: |  1  2  3  4  5  6  7  8 |
---------------+-------------------------+-----
Axes           | 2 3 4 5 6 |  6.8
Shields        | 3 4 5 |  5.4
Armour         | 3 4 5 |  5.1
Fighting       | 4 5 |  5.5

Action                   |  1- 3 |  4- 6 |  7- 9 || total
-------------------------+-------+-------+-------++-------
Melee: War axe           |   142 |   169 |    88 ||   399
       Headbutt          |    10 |    34 |    23 ||    67
  Use: Scroll            |     8 |       |       ||     8
  Eat: Chunk             |     2 |     4 |     2 ||     8
       Meat ration       |       |     1 |       ||     1
Armor: Scale mail        |    24 |       |       ||    24
       Plate armour      |    91 |    44 |       ||   135
       Chain mail        |       |    48 |    55 ||   103
Dodge: Dodged            |    18 |     8 |     5 ||    31
Block: Shield            |    21 |       |       ||    21
       Large shield      |    99 |   147 |    83 ||   329
